AAA
PORTSMOUTH ATLANTICS @ MONTERREY KILLER WHALES
06/25/2060
 
TOP OF THE 1ST
Portsmouth Atlantics batting - Pitching for Monterrey Killer Whales : RHP Braden Jordan
Pitching: RHP Braden Jordan
Batting: RHB Kris McKay 0-0: Ball
1-0: Ball
2-0: Ground out 3-1 (Groundball, 34, EV 108.1 MPH)
Batting: LHB Samir Zogjani 0-0: Ball
1-0: Foul Ball, location: 2F
1-1: Ball
2-1: Ball
3-1: Base on Balls
Batting: RHB Chase Hagarty 0-0: Ball
1-0: Ball
Samir Zogjani steals 2nd base
2-0: Ball
3-0: Called Strike
3-1: Base on Balls
Batting: SHB Semaj Ramirez 0-0: Ball
1-0: Called Strike
1-1: Ball
2-1: Grounds into double play, 6-4-3 (Groundball, 6S, EV 81.2 MPH)
Top of the 1st over - 0 runs, 0 hits, 0 errors, 1 left on base; Portsmouth 0 - Monterrey 0
BOTTOM OF THE 1ST
Monterrey Killer Whales batting - Pitching for Portsmouth Atlantics : RHP Kentavious Saldana
Pitching: RHP Kentavious Saldana
Batting: RHB Billy Taylor 0-0: Ball
1-0: Fly out, F8 (Line Drive, 8LD, EV 88.1 MPH)
Batting: LHB Ray Seevers 0-0: Called Strike
0-1: Foul Ball, location: 2F
0-2: Ball
1-2: Ground out 6-3 (Groundball, 6, EV 103.1 MPH)
Batting: LHB Tony May 0-0: Called Strike
0-1: Fly out, F7 (Flyball, 7, EV 90.0 MPH)
Bottom of the 1st over - 0 runs, 0 hits, 0 errors, 0 left on base; Portsmouth 0 - Monterrey 0
TOP OF THE 2ND
Portsmouth Atlantics batting - Pitching for Monterrey Killer Whales : RHP Braden Jordan
Batting: RHB Justen Brown 0-0: Ball
1-0: Ball
2-0: Foul Ball, location: 2F
2-1: Foul Ball, location: 2F
2-2: Strikes out swinging
Batting: RHB Jericho Gurgenidze 0-0: Swinging Strike
0-1: Reached on error, E2 (Groundball, 15S, EV 67.5 MPH)
Batting: RHB Liam Walker 0-0: Swinging Strike
0-1: Called Strike
0-2: Strikes out swinging
Batting: RHB Tyson Buoni 0-0: Ball
1-0: Ball
2-0: Swinging Strike
2-1: Ball
3-1: Foul Ball, location: 2F
3-2: SINGLE (Groundball, 6MD, EV 106.9 MPH)
Jericho Gurgenidze to third
Batting: RHB Darius Brown 0-0: Called Strike
0-1: Foul Ball, location: 2F
0-2: Ball
1-2: Ball
2-2: Strikes out swinging
Top of the 2nd over - 0 runs, 1 hit, 1 error, 2 left on base; Portsmouth 0 - Monterrey 0
BOTTOM OF THE 2ND
Monterrey Killer Whales batting - Pitching for Portsmouth Atlantics : RHP Kentavious Saldana
Batting: RHB Sylvan Troke 0-0: Foul Ball, location: 2F
0-1: SINGLE (Flyball, 89S, EV 95.0 MPH)
Batting: RHB John Williams 0-0: SINGLE (Line Drive, 78S, EV 96.9 MPH)
Sylvan Troke to second
Runner from 2nd tries for 3rd, SAFE, throw by LF made to third
Batting: RHB Jaren Toone 0-0: Called Strike
John Williams steals 2nd base
0-1: Ball
1-1: Ball
2-1: Foul Ball, location: 2F
2-2: Foul Ball, location: 2F
2-2: Ground out 4-3 (Groundball, 4MD, EV 100.0 MPH)
Sylvan Troke scores
John Williams to third
Batting: RHB Ed Gangemi 0-0: Ball
1-0: Foul Ball, location: 2F
1-1: Fly out, F7 (Flyball, 7, EV 79.4 MPH)
Batting: RHB Corey Douglas 0-0: Foul Ball, location: 2F
0-1: Ball
1-1: Foul Ball, location: 2F
1-2: Ball
2-2: Ball
3-2: Strikes out swinging
Bottom of the 2nd over - 1 run, 2 hits, 0 errors, 1 left on base; Portsmouth 0 - Monterrey 1
TOP OF THE 3RD
Portsmouth Atlantics batting - Pitching for Monterrey Killer Whales : RHP Braden Jordan
Batting: RHB Kris McKay 0-0: Ball
1-0: Ball
2-0: Ball
3-0: Called Strike
3-1: DOUBLE (Line Drive, 8RXD, EV 105.6 MPH) - OUT at third base trying to stretch hit.
Batting: LHB Samir Zogjani 0-0: Called Strike
0-1: Foul Ball, location: 2F
0-2: Strikes out swinging
Batting: RHB Chase Hagarty 0-0: Called Strike
0-1: Ground out 4-3 (Groundball, 4, EV 103.8 MPH)
Top of the 3rd over - 0 runs, 1 hit, 0 errors, 0 left on base; Portsmouth 0 - Monterrey 1
BOTTOM OF THE 3RD
Monterrey Killer Whales batting - Pitching for Portsmouth Atlantics : RHP Kentavious Saldana
Batting: LHB Furman Auerbach 0-0: Ball
1-0: Foul Ball, location: 2F
1-1: SINGLE (Groundball, 34D, EV 102.5 MPH)
Batting: RHB Billy Taylor 0-0: DOUBLE (Line Drive, 9LM, EV 102.5 MPH)
Furman Auerbach to third
Batting: LHB Ray Seevers 0-0: Called Strike
0-1: Ball
1-1: SINGLE (Groundball, 4MD, EV 100.0 MPH)
Furman Auerbach scores
Billy Taylor to third
Batting: LHB Tony May 0-0: Ball
1-0: Foul Ball, location: 2F
1-1: 3-RUN HOME RUN (Flyball, 89XD, EV 108.8 MPH), Distance : 409 ft
Batting: RHB Sylvan Troke 0-0: Ball
1-0: Called Strike
1-1: Ball
2-1: Ball
3-1: Called Strike
3-2: Ground out 6-3 (Groundball, 6S, EV 90.6 MPH)
Batting: RHB John Williams 0-0: Ball
1-0: Called Strike
1-1: Swinging Strike
1-2: Ground out 6-3 (Groundball, 6, EV 90.6 MPH)
Batting: RHB Jaren Toone 0-0: Ball
1-0: Called Strike
1-1: Ground out 6-3 (Groundball, 6, EV 86.9 MPH)
Bottom of the 3rd over - 4 runs, 4 hits, 0 errors, 0 left on base; Portsmouth 0 - Monterrey 5
TOP OF THE 4TH
Portsmouth Atlantics batting - Pitching for Monterrey Killer Whales : RHP Braden Jordan
Batting: SHB Semaj Ramirez 0-0: Ball
1-0: Fly out, F8 (Flyball, 8LXD, EV 88.8 MPH)
Batting: RHB Justen Brown 0-0: Foul Ball, location: 2F
0-1: SOLO HOME RUN (Flyball, 9D, EV 95.0 MPH), Distance : 351 ft
Batting: RHB Jericho Gurgenidze 0-0: Called Strike
0-1: Ball
1-1: Swinging Strike
1-2: Foul Ball, location: 2F
1-2: Ball
2-2: Strikes out swinging
Batting: RHB Liam Walker 0-0: Called Strike
0-1: Ball
1-1: Ball
2-1: Ground out 4-3 (Groundball, 4M, EV 80.6 MPH)
Top of the 4th over - 1 run, 1 hit, 0 errors, 0 left on base; Portsmouth 1 - Monterrey 5
BOTTOM OF THE 4TH
Monterrey Killer Whales batting - Pitching for Portsmouth Atlantics : RHP Kentavious Saldana
Batting: RHB Ed Gangemi 0-0: Foul Ball, location: 2F
0-1: Ground out 5-3 (Groundball, 56, EV 78.1 MPH)
Batting: RHB Corey Douglas 0-0: Ground out 1-3 (Groundball, 34S, EV 65.6 MPH)
Batting: LHB Furman Auerbach 0-0: Ball
1-0: Ball
2-0: Reached on error, E4 (Groundball, 4M, EV 81.2 MPH)
Pitching: LHP Ed Bytheway
Batting: RHB Billy Taylor 0-0: Ball
1-0: Called Strike
1-1: Swinging Strike
1-2: Fly out, F7 (Flyball, 7D, EV 83.1 MPH)
Bottom of the 4th over - 0 runs, 0 hits, 1 error, 1 left on base; Portsmouth 1 - Monterrey 5
TOP OF THE 5TH
Portsmouth Atlantics batting - Pitching for Monterrey Killer Whales : RHP Braden Jordan
Batting: RHB Tyson Buoni 0-0: Called Strike
0-1: Ball
1-1: Fly out, F7 (Flyball, 7LM, EV 76.2 MPH)
Batting: RHB Darius Brown 0-0: Foul Ball, location: 2F
0-1: Called Strike
0-2: Ball
1-2: Ball
2-2: Ball
3-2: Strikes out looking
Batting: RHB Kris McKay 0-0: Called Strike
0-1: Swinging Strike
0-2: Foul Ball, location: 2F
0-2: Ball
1-2: Strikes out swinging
Top of the 5th over - 0 runs, 0 hits, 0 errors, 0 left on base; Portsmouth 1 - Monterrey 5
BOTTOM OF THE 5TH
Monterrey Killer Whales batting - Pitching for Portsmouth Atlantics : LHP Ed Bytheway
Batting: LHB Ray Seevers 0-0: Foul Ball, location: 2F
0-1: SINGLE (Line Drive, 6MD, EV 93.8 MPH)
Batting: LHB Tony May 0-0: Ground out 5-3 (Groundball, 56S, EV 73.8 MPH)
Ray Seevers to second
Batting: RHB Sylvan Troke 0-0: Ball
Ray Seevers steals 3rd, throwing error, E2
Ray Seevers scores
1-0: Foul Ball, location: 2F
1-1: Ball
2-1: Swinging Strike
2-2: Foul Ball, location: 2F
2-2: Ground out 5-3 (Groundball, 56, EV 101.9 MPH)
Batting: RHB John Williams 0-0: SINGLE (Groundball, 6MD, EV 94.4 MPH)
Batting: RHB Jaren Toone 0-0: Called Strike
John Williams steals 2nd base (no throw)
0-1: Fly out, F9 (Flyball, 9D, EV 106.2 MPH)
Bottom of the 5th over - 1 run, 2 hits, 1 error, 1 left on base; Portsmouth 1 - Monterrey 6
TOP OF THE 6TH
Portsmouth Atlantics batting - Pitching for Monterrey Killer Whales : RHP Braden Jordan
Batting: LHB Samir Zogjani 0-0: Ball
1-0: Called Strike
1-1: Foul Ball, location: 2F
1-2: Foul Ball, location: 2F
1-2: Strikes out looking
Batting: RHB Chase Hagarty 0-0: Foul Ball, location: 2F
0-1: Swinging Strike
0-2: Foul Ball, location: 2F
0-2: Ball
1-2: Ball
2-2: Foul Ball, location: 2F
2-2: Ball
3-2: Ground out 6-3 (Groundball, 6, EV 105.0 MPH)
Batting: SHB Semaj Ramirez 0-0: Ball
1-0: Ball
2-0: Called Strike
2-1: Called Strike
2-2: Ball
3-2: Foul Ball, location: 2F
3-2: Foul Ball, location: 2F
3-2: Ground out U3 (Groundball, 34S, EV 91.2 MPH)
Top of the 6th over - 0 runs, 0 hits, 0 errors, 0 left on base; Portsmouth 1 - Monterrey 6
BOTTOM OF THE 6TH
Monterrey Killer Whales batting - Pitching for Portsmouth Atlantics : LHP Ed Bytheway
Batting: RHB Ed Gangemi 0-0: Called Strike
0-1: Fly out, F8 (Flyball, 8LD, EV 97.5 MPH)
Batting: RHB Corey Douglas 0-0: Ground out 6-3 (Groundball, 6S, EV 66.9 MPH)
Batting: LHB Furman Auerbach 0-0: Called Strike
0-1: Foul Ball, location: 2F
0-2: Ball
1-2: Ball
2-2: Ground out 4-3 (Groundball, 4M, EV 84.4 MPH)
Bottom of the 6th over - 0 runs, 0 hits, 0 errors, 0 left on base; Portsmouth 1 - Monterrey 6
TOP OF THE 7TH
Portsmouth Atlantics batting - Pitching for Monterrey Killer Whales : RHP Braden Jordan
Batting: RHB Justen Brown 0-0: Ball
1-0: Reached on error, E6 (Groundball, 6, EV 85.0 MPH)
Batting: RHB Jericho Gurgenidze 0-0: Ball
1-0: Foul Ball, location: 2F
1-1: SINGLE (Line Drive, 6D, EV 103.1 MPH)
Justen Brown to second
Pitching: RHP Frank Reynolds
Batting: RHB Liam Walker 0-0: Called Strike
0-1: Foul Ball, location: 2F
0-2: Ball
1-2: Strikes out looking
Batting: RHB Tyson Buoni 0-0: Foul Ball, location: 2F
0-1: Fly out, F8 (Flyball, 8LS, EV 89.4 MPH)
Batting: RHB Darius Brown 0-0: Fly out, F9 (Line Drive, 9, EV 90.6 MPH)
Top of the 7th over - 0 runs, 1 hit, 1 error, 2 left on base; Portsmouth 1 - Monterrey 6
BOTTOM OF THE 7TH
Monterrey Killer Whales batting - Pitching for Portsmouth Atlantics : LHP Ed Bytheway
Batting: RHB Billy Taylor 0-0: Ball
1-0: Called Strike
1-1: Fly out, F6 (Popup, 6, EV 60.6 MPH)
Batting: LHB Ray Seevers 0-0: Ball
1-0: Ball
2-0: Called Strike
2-1: Swinging Strike
2-2: Ball
3-2: Strikes out swinging
Batting: LHB Tony May 0-0: Swinging Strike
0-1: Ball
1-1: Called Strike
1-2: Fly out, F8 (Flyball, 8LD, EV 100.0 MPH)
Bottom of the 7th over - 0 runs, 0 hits, 0 errors, 0 left on base; Portsmouth 1 - Monterrey 6
TOP OF THE 8TH
Portsmouth Atlantics batting - Pitching for Monterrey Killer Whales : RHP Frank Reynolds
Batting: RHB Kris McKay 0-0: Called Strike
0-1: Called Strike
0-2: Ball
1-2: Strikes out swinging
Batting: LHB Samir Zogjani 0-0: Called Strike
0-1: Swinging Strike
0-2: Ball
1-2: Strikes out swinging
Batting: RHB Chase Hagarty 0-0: SINGLE (Groundball, 4D, EV 102.5 MPH)
Batting: SHB Semaj Ramirez 0-0: Called Strike
0-1: Swinging Strike
0-2: Ball
1-2: Fly out, F7 (Flyball, 78M, EV 91.9 MPH)
Top of the 8th over - 0 runs, 1 hit, 0 errors, 1 left on base; Portsmouth 1 - Monterrey 6
BOTTOM OF THE 8TH
Monterrey Killer Whales batting - Pitching for Portsmouth Atlantics : LHP Ed Bytheway
Batting: RHB Sylvan Troke 0-0: Swinging Strike
0-1: Ball
1-1: Ball
2-1: Ball
3-1: Called Strike
3-2: Base on Balls
Batting: RHB John Williams 0-0: Called Strike
0-1: Foul Ball, location: 2F
0-2: Strikes out swinging
Batting: RHB Jaren Toone 0-0: Swinging Strike
Sylvan Troke is caught stealing 2nd base 2-4
0-1: Ball
1-1: Foul Ball, location: 2F
1-2: Ball
2-2: Ground out 5-3 (Groundball, 56, EV 94.4 MPH)
Bottom of the 8th over - 0 runs, 0 hits, 0 errors, 0 left on base; Portsmouth 1 - Monterrey 6
TOP OF THE 9TH
Portsmouth Atlantics batting - Pitching for Monterrey Killer Whales : RHP Frank Reynolds
Batting: RHB Justen Brown 0-0: Ball
1-0: Called Strike
1-1: Ball
2-1: Ball
3-1: Foul Ball, location: 2F
3-2: Strikes out swinging
Batting: RHB Jericho Gurgenidze 0-0: Ball
1-0: Ground out 1-3 (Groundball, 13S, EV 68.8 MPH)
Batting: RHB Liam Walker 0-0: Ball
1-0: Ball
2-0: SINGLE (Line Drive, 56, EV 97.5 MPH)
Batting: RHB Tyson Buoni 0-0: Ball
1-0: Called Strike
1-1: Called Strike
1-2: Ball
2-2: Foul Ball, location: 2F
2-2: Fly out, F9 (Flyball, 9D, EV 101.2 MPH)
Top of the 9th over - 0 runs, 1 hit, 0 errors, 1 left on base; Portsmouth 1 - Monterrey 6
Saturday, May 11th , 2024 - OOTP Baseball 23.10 Build 110